 Dungeon Crawl Stone Soup version 0.30-a0-292-g0f741e3f8e (webtiles) character file.

Game seed: 5964562576592221366

59344 Pooter the Severer (level 14, -1/127 HPs)
             Began as a Minotaur Monk on Oct 16, 2022.
             Was a High Priest of Trog.
             Slain by a sixfirhy (12 damage)
             ... summoned by an orc high priest
             ... on level 2 of the Orcish Mines on Oct 17, 2022.
             The game lasted 02:02:52 (16640 turns).

Pooter the Severer (Minotaur Monk)                 Turns: 16640, Time: 02:02:52

Health: -1/127     AC: 17    Str: 22    XL:     14   Next: 52%
Magic:  13/13      EV: 11    Int:  9    God:    Trog [*****.]
Gold:   1601       SH:  0    Dex: 13    Spells: 13/13 levels left

rFire   + . .      SeeInvis +    a - +7 war axe (drain)
rCold   x . .      Faith    .    (no shield)
rNeg    + + +      Spirit   .    W - +2 shadow dragon scales
rPois   .          Reflect  .    (helmet unavailable)
rElec   .          Harm     .    O - +0 cloak
rCorr   .          Rampage  .    A - +1 pair of gloves of Misanthropy {rN+++ Regen+ Int-5}
Will    ++++.                    Z - +0 pair of boots
Stlth   +++++.....               (no amulet)
HPRegen 2.21/turn                g - ring of Livilok {Fire Will+ Int+6 Slay+2}
MPRegen 0.13/turn                S - ring of see invisible

@: mighty, about to teleport, strong-willed, regenerating
A: horns 3, retaliatory headbutt, strong 1, sturdy frame 1
a: Renounce Religion, Berserk, Trog's Hand, Brothers in Arms


You were on level 2 of the Orcish Mines.
You worshipped Trog.
Trog was extremely pleased with you.
You visited 3 branches of the dungeon, and saw 18 of its levels.
You visited the Abyss 1 time.
You also visited: Gauntlet.

You collected 2716 gold pieces.
You spent 1115 gold pieces at shops.

Inventory:

Hand Weapons
 a - a +7 war axe of draining (weapon)
   (You acquired it on level 5 of the Dungeon)
 b - a +4 vorpal arbalest
   (You bought it in a shop on level 8 of the Dungeon)
 i - a +0 battleaxe
   (You found it on level 2 of the Lair of Beasts)
 K - a +0 morningstar
   (You took it off an orc priest on level 6 of the Dungeon)
 U - a -2 demon whip of venom
   (You took it off Amaemon on level 1 of the Lair of Beasts)
Missiles
 o - 8 boomerangs (quivered)
 p - 9 javelins
 J - 7 poisoned darts
 Q - 110 stones
 V - 6 curare-tipped darts
Armour
 z - the +7 Kryia's mail coat {PotionHeal*2 rC+}
   (You found it on level 2 of the Dungeon)

   Potions are twice as effective at healing its wearer.
   rC:        It protects you from cold.
 A - the +1 pair of gloves of Misanthropy (worn) {rN+++ Regen+ Int-5}
   (You found it on level 4 of the Dungeon)

   Int:       It affects your intelligence (-5).
   rN:        It renders you almost immune to negative energy.
   Regen:     It increases your rate of health regeneration.
 O - a +0 cloak (worn)
   (You found it on level 3 of the Lair of Beasts)
 W - +2 shadow dragon scales (worn)
   (You found it on level 1 of the Lair of Beasts)
 Z - a +0 pair of boots (worn)
   (You found it on level 3 of the Lair of Beasts)
Jewellery
 g - the ring of Livilok (left hand) {Fire Will+ Int+6 Slay+2}
   (You found it on level 3 of the Lair of Beasts)

   [ring of fire]

   It enhances your fire magic.
   Int:       It affects your intelligence (+6).
   Slay:      It affects your accuracy & damage with ranged weapons and melee
   (+2).
   rF:        It protects you from fire.
   rC:        It makes you vulnerable to cold.
   Will:      It increases your willpower.
 y - a ring of flight
   (You found it on level 3 of the Dungeon)
 B - a ring of willpower
   (You found it on level 4 of the Lair of Beasts)
 F - a ring of protection from fire
   (You found it on level 5 of the Lair of Beasts)
 M - a +6 ring of strength
   (You found it in a Gauntlet)
 N - a ring of positive energy
   (You found it on level 7 of the Dungeon)
 P - a ring of poison resistance
   (You bought it in a shop on level 10 of the Dungeon)
 S - a ring of see invisible (right hand)
   (You found it on level 1 of the Lair of Beasts)
Wands
 d - a wand of iceblast (16)
   (You found it on level 7 of the Dungeon)
 f - a wand of flame (20)
   (You found it on level 7 of the Dungeon)
 u - a wand of paralysis (15)
   (You found it on level 5 of the Dungeon)
 D - a wand of digging (7)
   (You found it on level 8 of the Dungeon)
 R - a wand of quicksilver (3)
   (You found it in a Gauntlet)
Scrolls
 h - 4 scrolls of poison {!r}
 k - 2 scrolls of vulnerability {!r}
 l - 2 scrolls of blinking
 s - a scroll of immolation {!r}
 t - 13 scrolls of teleportation {@r4}
 v - 3 scrolls of noise {!r}
 C - 3 scrolls of summoning
 E - 2 scrolls of magic mapping
 H - a scroll of fear
Potions
 c - 3 potions of ambrosia
 e - 19 potions of curing {@q1}
 j - 4 potions of attraction {!q}
 m - a potion of flight {unknown}
 n - 10 potions of lignification {!q}
 q - 2 potions of haste {@q3}
 r - 3 potions of heal wounds {@q2}
 w - 2 potions of might
 x - 3 potions of cancellation
 G - 2 potions of mutation {!q}
 I - 2 potions of resistance
 L - a potion of magic {unknown}
 T - a potion of invisibility
Miscellaneous
 X - a box of beasts
   (You found it on level 2 of the Lair of Beasts)
 Y - a lightning rod (4/4) {!a}
   (You found it in a Gauntlet)


   Skills:
 + Level 12.8 Fighting
 + Level 16.3(16.4) Axes
 - Level 1.4(10.7) Polearms
 * Level 15.3 Ranged Weapons
 + Level 5.5 Throwing
 + Level 7.8 Dodging
 + Level 5.9 Stealth
 + Level 8.2 Evocations


You had 13 spell levels left.
You didn't know any spells.
Your spell library was empty.

Dungeon Overview and Level Annotations

Branches:
Dungeon (11/15)            Temple (0/1) D:4            Lair (5/5) D:8
  Swamp (0/4) Lair:3       Spider (0/4) Lair:3        Slime (0/5) Lair:4
    Orc (2/2) D:11            Elf (0/3) Orc:2       Gauntlet (visited)

Altars:
Ashenzari
Cheibriados
Dithmenos
Gozag
Kikubaaqudgha
Makhleb
Okawaru
Ru
Sif Muna
Trog
Wu Jian
Xom
Yredelemnul
Zin
The Shining One
Jiyva

Shops:
D:5 :   D:8 ([*?   D:10 (=[!

Portals:
Hell: Lair:5
Trove: D:10 (give 6 scrolls of butterflies)

Annotations:
D:2 1 runed translucent door, Crazy Yiuf
D:4 3 runed translucent doors, bande's ghost, amateur GrFi


Innate Abilities, Weirdness & Mutations

You have a pair of large horns on your head.
You reflexively headbutt those who attack you in melee.
Your muscles are strong. (Str +4, Int/Dex -1)
Your movements are slightly less encumbered by armour. (ER -2)


Message History

The orcs go into a battle-frenzy!
The orc knight barely misses you.
The orc priest miscasts a cantrip.
You hear a shout!
You slice the orc priest!!
You kill the orc priest!
Trog accepts your kill.
You hit the orc knight. You drain the orc knight.
The orc knight hits you with a +0 great mace!
An orc warrior comes into view. It is wielding a +0 mace.
The orc knight hits you from afar with a +0 halberd!!
You slice the orc priest!!
You kill the orc priest!
Trog accepts your kill.
You slash the orc knight!
As you read the scroll of teleportation {@r4}, it crumbles to dust.
You feel strangely unstable. The orc knight closely misses you.
The orc knight hits you with a +0 great mace.
You slash the orc knight!
You kill the orc knight!
Trog accepts your kill.
You slash the orc warrior! You drain the orc warrior.
The orc knight hits you from afar with a +0 halberd!!
* * * LOW HITPOINT WARNING * * *
An orc warrior comes into view. It is wielding a +0 glaive.
Unknown command.
You closely miss the sun demon. You barely miss the orc warrior.
The orc knight roars a battlecry!
The orc warrior closely misses you. You furiously retaliate!
You headbutt the orc warrior!!
The orc priest invokes the aid of Beogh against you.
Beogh smites you!
* * * LOW HITPOINT WARNING * * *
Unknown command.
You slice the sun demon!! Your headbutt misses the sun demon.
You slash the orc warrior!
You kill the orc warrior!
Trog accepts your kill. The sixfirhy barely misses you. The sun demon hits you!
* * * LOW HITPOINT WARNING * * *
You are engulfed in flames!
You resist.
* * * LOW HITPOINT WARNING * * *
You slice the sun demon!! You headbutt the sun demon!
You kill the sun demon!
The sun demon disappears in a puff of smoke!
You closely miss the sixfirhy. The sixfirhy barely misses you.
The sixfirhy hits you!
* * * LOW HITPOINT WARNING * * *
The sixfirhy shocks you!
You die...

.............#
##...
....#...#....#
####
#...........##
##...
#...#...#...#
##....
#.........##
##.....
#..#...#..#
#......
#.......##
###.....
###.#.###
#.#.....
#..3@.#
##......
##.#ยง##
###.... ...ooo
#.....
#..#..o#o
##....
#.........
####.
#...#...# ..
#### #...o....
..# #..#
...#...# ..
##... ###....


You could see 2 orc knights, a sixfirhy (summoned), 3 orc warriors and an orc
priest (strong).

Vanquished Creatures
  A tentacled starspawn (Abyss:1)
  Kirke (Lair:5)
  The ghost of valliere the Thaumaturge, a journeyman DjVM of Hepliaklqana (Lair:3)
  A minotaur (Gauntlet)
  Josephine (Orc:1)
  A hydra (Lair:5)
  3 two-headed ogres
  A death yak (Lair:5)
  2 orc high priests (Orc:2)
  Urug (Lair:5)
  A sixfirhy (Lair:5)
  Amaemon (Lair:1)
  2 large abominations (Gauntlet)
  3 orc knights (Orc:2)
  A wizard (Lair:5)
  A necromancer (Abyss:1)
  An orc sorcerer (Orc:2)
  3 oklob plants (D:8)
  A moth of wrath (Gauntlet)
  3 elephants (Lair:5)
  3 black mambas
  A smoke demon (Abyss:1)
  5 orange demons
  2 gargoyles (D:10)
  10 cane toads
  2 unseen horrors (D:10)
  2 torpor snails
  8 rime drakes
  A hellwing (Lair:5)
  14 komodo dragons
  An ice devil (Lair:5)
  A red devil (Lair:5)
  5 trolls
  3 polar bears
  2 hornets
  A tyrant leech (Lair:3)
  27 blink frogs
  A shadow (D:8)
  A vampire (D:6)
  5 wraiths
  48 yaks
  4 wyverns
  Grum (Lair:1)
  2 basilisks
  A neqoxec (Abyss:1)
  A vampire mosquito (D:10)
  2 wargs
  2 acid dragons (D:10)
  4 hell hounds (Lair:5)
  14 water moccasins
  A floating eye (D:8)
  21 orc warriors
  4 black bears
  6 ice beasts
  31 wolves
  A black mamba simulacrum (Lair:3)
  4 phantoms
  3 centaurs
  6 ogres
  A kobold brigand (D:10)
  13 bullfrogs
  A gnoll sergeant (D:8)
  4 scorpions
  6 small abominations (Gauntlet)
  An elephant simulacrum (Lair:3)
  12 killer bees
  A lindwurm simulacrum (Lair:3)
  2 howler monkeys
  2 rime drake simulacra (Lair:3)
  A torpor snail simulacrum (Lair:3)
  A komodo dragon simulacrum (Lair:3)
  31 orc priests
  2 hounds (D:4)
  A gnoll bouda (D:7)
  4 jellies
  6 iguanas
  17 orc wizards
  Natasha (thrice) (D:2)
  A hell rat (Lair:5)
  2 mummies
  8 gnolls
  11 adders
  2 shadow imps
  2 white imps
  2 worms
  2 dart slugs
  75 orcs
  8 ball pythons
  4 bats
  12 endoplasms
  4 giant cockroaches
  8 goblins
  9 hobgoblins
  3 jackals (D:3)
  4 quokkas
  3 frilled lizards
  2 hobgoblin zombies (D:4)
  13 kobolds
  2 kobold zombies (D:4)
  4 rats
571 creatures vanquished.

Vanquished Creatures (collateral kills)
  A scorpion (D:6)
  An orc (D:6)
2 creatures vanquished.

Vanquished Creatures (others)
  A cane toad (Lair:5)
  4 humans (Lair:5)
  2 orcs (Orc:1)
  87 fungi
  A lurking horror (Abyss:1)
  89 plants
  6 starspawn tentacles (Abyss:1)
190 creatures vanquished.

Grand Total: 763 creatures vanquished

Notes
Turn   | Place    | Note
-------+----------+-------------------------------------------
     0 | D:1      | Pooter the Minotaur Monk began the quest for the Orb.
     0 | D:1      | Reached XP level 1. HP: 19/19 MP: 0/0
    77 | D:1      | Reached XP level 2. HP: 21/27 MP: 1/1
    79 | D:1      | Reached skill level 4 in Axes
   786 | D:2      | Reached XP level 3. HP: 33/33 MP: 2/2
   929 | D:2      | Noticed Natasha
   933 | D:2      | Killed Natasha
  1057 | D:2      | Reached skill level 1 in Ranged Weapons
  1057 | D:2      | Reached XP level 4. HP: 28/40 MP: 3/3
  1062 | D:2      | Noticed Natasha
  1135 | D:2      | You fall into a shaft and drop 2 floors!
  1136 | D:4      | Found a bloodstained altar of Trog.
  1140 | D:4      | Became a worshipper of Trog the Wrathful
  1140 | D:4      | Reached * piety under Trog
  1140 | D:4      | Reached ** piety under Trog
  1503 | D:4      | Reached XP level 5. HP: 47/47 MP: 4/4
  1510 | D:4      | Reached skill level 5 in Axes
  1748 | D:4      | Reached XP level 6. HP: 27/53 MP: 5/5
  1861 | D:4      | Found a runed translucent gate.
  1863 | D:4      | Found a runed translucent gate.
  1863 | D:4      | Noticed bande's ghost (amateur GrFi)
  1864 | D:4      | Found a runed translucent gate.
  1864 | D:4      | Identified the +0 scale mail of the Evening {rPois rC+
                  | Dex-4}
  1864 | D:4      | Identified the +1 chain mail of Dyspraxia {Regen+ Str+4}
  1864 | D:4      | Noticed an orc warrior
  2086 | D:2      | Killed Natasha
  2212 | D:2      | Found the +7 Kryia's mail coat {PotionHeal*2 rC+}
  2306 | D:2      | Found a runed translucent door.
  2307 | D:2      | Noticed Crazy Yiuf
  2571 | D:2      | Noticed Natasha
  2577 | D:2      | Killed Natasha
  3536 | D:4      | Found a staircase to the Ecumenical Temple.
  3579 | D:4      | Reached skill level 1 in Polearms
  3632 | D:4      | Identified the +1 pair of gloves of Misanthropy {rN+++
                  | Regen+ Int-5}
  3966 | D:5      | Entered Level 5 of the Dungeon
  3997 | D:5      | Reached skill level 5 in Fighting
  3997 | D:5      | Reached skill level 6 in Axes
  3997 | D:5      | Reached XP level 7. HP: 61/61 MP: 6/6
  4023 | D:5      | Found Kytuze's Tremendous Tomes.
  4048 | D:5      | Reached *** piety under Trog
  4060 | D:5      | Identified a scroll of acquirement
  4061 | D:5      | Acquired a +3 war axe of draining
  4352 | D:5      | Reached skill level 7 in Axes
  4441 | D:5      | Reached skill level 5 in Ranged Weapons
  4441 | D:5      | Reached XP level 8. HP: 65/70 MP: 7/7
  4885 | D:6      | Reached skill level 8 in Axes
  4918 | D:6      | Identified the +1 robe of Wasted Space {*Corrode rPois
                  | Dex-2 Slay+6}
  5007 | D:6      | Reached skill level 9 in Axes
  5096 | D:6      | Reached XP level 9. HP: 71/78 MP: 8/8
  5603 | D:7      | Reached skill level 1 in Evocations
  5615 | D:7      | Reached **** piety under Trog
  5841 | D:7      | Reached skill level 10 in Axes
  6005 | D:8      | Found Poutuadd's Magic Scroll Boutique.
  6006 | D:8      | Found Evutadog's Armour Boutique.
  6010 | D:8      | Found Natopi's General Store.
  6013 | D:8      | Bought a scroll of identify for 28 gold pieces
  6015 | D:8      | Found Jacihin's Antique Weapon Boutique.
  6020 | D:8      | Bought a runed arbalest for 165 gold pieces
  6026 | D:8      | Bought a scroll of identify for 24 gold pieces
  6026 | D:8      | Bought a scroll of enchant weapon for 90 gold pieces
  6056 | D:8      | Noticed a komodo dragon
  6063 | D:8      | Killed a komodo dragon
  6105 | D:8      | Noticed an oklob plant
  6105 | D:8      | Noticed an oklob plant
  6173 | D:8      | Found a staircase to the Lair.
  6208 | D:8      | Reached XP level 10. HP: 88/88 MP: 9/9
  6248 | D:8      | Reached skill level 11 in Axes
  6253 | Abyss:1  | Cast into level 1 of the Abyss (gnoll sergeant)
  6295 | Abyss:1  | Gained mutation: You occasionally lose the ability to read
                  | scrolls when taking damage. [a neqoxec]
  6313 | Abyss:1  | Noticed a smoke demon
  6321 | Abyss:1  | Killed a smoke demon
  6330 | Abyss:1  | Noticed a necromancer
  6336 | Abyss:1  | Killed a necromancer
  6338 | Abyss:1  | Lost mutation: You occasionally lose the ability to read
                  | scrolls when taking damage. [potion of mutation]
  6338 | Abyss:1  | Gained mutation: Your muscles are strong. (Str +4, Int/Dex
                  | -1) [potion of mutation]
  6338 | Abyss:1  | Gained mutation: You sometimes lose your temper in combat.
                  | [potion of mutation]
  6338 | Abyss:1  | Gained mutation: You have sharp fingernails. [potion of
                  | mutation]
  6347 | Abyss:1  | Noticed a sun demon
  6355 | Abyss:1  | Noticed a tentacled starspawn
  6377 | Abyss:1  | Killed a tentacled starspawn
  6378 | Abyss:1  | Reached skill level 10 in Ranged Weapons
  6380 | D:8      | Escaped the Abyss
  6415 | D:8      | Lost mutation: You sometimes lose your temper in combat.
                  | [potion of mutation]
  6415 | D:8      | Lost mutation: You have sharp fingernails. [potion of
                  | mutation]
  6415 | D:8      | Gained mutation: You have a pair of large horns on your
                  | head. [potion of mutation]
  6415 | D:8      | Gained mutation: Your movements are slightly less
                  | encumbered by armour. (ER -2) [potion of mutation]
  6503 | D:8      | Reached skill level 12 in Axes
  6558 | D:8      | Found a glowing golden altar of the Shining One.
  6558 | D:8      | Found a basalt altar of Yredelemnul.
  6565 | D:8      | Found a sacrificial altar of Ru.
  6569 | D:8      | Found a shimmering altar of Xom.
  6571 | D:8      | Found an ornate altar of the Wu Jian Council.
  6576 | D:8      | Found a glowing silver altar of Zin.
  6646 | D:8      | Found an opulent altar of Gozag.
  6646 | D:8      | Found a shimmering blue altar of Sif Muna.
  6647 | D:8      | Found an ancient bone altar of Kikubaaqudgha.
  6799 | D:8      | Noticed an oklob plant
  6829 | D:8      | Killed an oklob plant
  6845 | D:8      | Reached XP level 11. HP: 93/97 MP: 10/10
  6861 | D:8      | Killed an oklob plant
  6924 | D:8      | Killed an oklob plant
  7173 | D:9      | Noticed a two-headed ogre
  7181 | D:9      | Found a broken altar of Ashenzari.
  7201 | D:9      | Killed a two-headed ogre
  7309 | D:8      | Bought a scroll of brand weapon for 133 gold pieces
  7451 | D:8      | Bought a scroll of enchant weapon for 105 gold pieces
  7637 | D:9      | Found a shadowy altar of Dithmenos.
  7668 | D:9      | Found an iron altar of Okawaru.
  7700 | D:9      | Found a snail-covered altar of Cheibriados.
  7958 | D:8      | Bought a scroll of enchant weapon for 105 gold pieces
  8008 | D:10     | Entered Level 10 of the Dungeon
  8075 | D:10     | Reached skill level 13 in Axes
  8095 | D:10     | Found Maxi's Distillery.
  8164 | D:10     | Reached skill level 5 in Evocations
  8197 | D:10     | Bought a potion of heal wounds for 75 gold pieces
  8386 | D:10     | Bought 2 potions of curing for 90 gold pieces
  8488 | D:10     | Found Gootzeubb's Antique Armour Emporium.
  8805 | D:10     | Noticed a two-headed ogre
  8816 | D:10     | Reached skill level 10 in Fighting
  8852 | D:10     | Upgraded the game from 0.30-a0-279-g4b46babb21 to
                  | 0.30-a0-292-g0f741e3f8e
  8872 | D:10     | Found Nosaahe's Jewellery Shoppe.
  8941 | D:10     | Killed a two-headed ogre
  9316 | D:10     | Found a portal to a secret trove of treasure.
  9430 | D:10     | Found Xoiqugic's Antique Weapon Shoppe.
  9729 | D:11     | Reached skill level 14 in Axes
  9742 | D:11     | Found a gate leading to a gauntlet.
  9743 | D:11     | Found a staircase to the Orcish Mines.
  9748 | Gauntlet | Entered a Gauntlet
  9748 | Gauntlet | Found a transporter.
  9748 | Gauntlet | Found a transporter.
  9759 | Gauntlet | Found a transporter.
  9761 | Gauntlet | Noticed a large abomination
  9768 | Gauntlet | Killed a large abomination
  9769 | Gauntlet | Reached XP level 12. HP: 25/107 MP: 11/11
  9845 | Gauntlet | Found a transporter.
  9861 | Gauntlet | Found a transporter.
  9922 | Gauntlet | Found a large runed translucent door.
  9922 | Gauntlet | Found a large runed translucent door.
  9923 | Gauntlet | Found a transporter.
  9923 | Gauntlet | Found a large runed translucent door.
  9923 | Gauntlet | Found a large runed translucent door.
  9925 | Gauntlet | Noticed a green death
  9941 | Gauntlet | Found a transporter.
  9951 | Gauntlet | Identified the +0 helmet of Imperfection {Int+3}
 10004 | Gauntlet | Found a transporter.
 10015 | Gauntlet | Found the +3 Elemental Staff {rElec rF++ rC++ AC+5}
 10015 | Gauntlet | Identified the +6 short sword "Suas" {holy, *Noise rElec
                  | Will++ Dex+2}
 10015 | Gauntlet | Noticed a minotaur
 10024 | Gauntlet | Killed a minotaur
 10086 | D:10     | Bought a ring of poison resistance for 300 gold pieces
 10151 | Lair:1   | Entered Level 1 of the Lair of Beasts
 10192 | Lair:1   | Noticed Grum
 10201 | Lair:1   | Killed Grum
 10278 | Lair:1   | Reached skill level 1 in Throwing
 10393 | Lair:1   | Reached skill level 5 in Dodging
 10426 | Lair:1   | Noticed Amaemon
 10438 | Lair:1   | Killed Amaemon
 11252 | Lair:2   | Reached XP level 13. HP: 109/116 MP: 12/12
 11438 | Lair:2   | Reached skill level 15 in Axes
 11460 | Lair:2   | Reached ***** piety under Trog
 11980 | Lair:3   | Found a runed translucent gate.
 11980 | Lair:3   | Found a runed translucent gate.
 11980 | Lair:3   | Found a runed translucent gate.
 12174 | Lair:3   | Found a hole to the Spider Nest.
 12214 | Lair:3   | Noticed valliere's ghost (journeyman DjVM)
 12245 | Lair:3   | Found a staircase to the Swamp.
 12587 | Lair:3   | Killed valliere's ghost
 12629 | Lair:3   | Got the ring of Livilok {Fire Will+ Int+6 Slay+2}
 12718 | Lair:4   | Lost intelligence.
 12827 | Lair:4   | Found a staircase to the Slime Pits.
 12828 | Lair:4   | Found a viscous altar of Jiyva.
 13167 | Lair:4   | Identified the +1 scale mail of the Jolly Xalams {Rampage}
 13417 | Lair:5   | Entered Level 5 of the Lair of Beasts
 13487 | Lair:5   | Reached skill level 5 in Stealth
 13495 | Lair:5   | Noticed Kirke
 13504 | Lair:5   | Killed Kirke
 13881 | Lair:5   | Noticed Urug
 13891 | Lair:5   | Killed Urug
 13892 | Lair:5   | Reached XP level 14. HP: 126/126 MP: 13/13
 13959 | Lair:5   | Reached skill level 16 in Axes
 14126 | Lair:5   | Found a burning altar of Makhleb.
 14156 | Lair:5   | Reached skill level 5 in Throwing
 14232 | Lair:5   | Found a gateway to Hell.
 14863 | Orc:1    | Entered Level 1 of the Orcish Mines
 14863 | Orc:1    | Noticed Josephine
 14872 | D:11     | Reached skill level 15 in Ranged Weapons
 15064 | Orc:1    | Killed Josephine
 15204 | Orc:2    | Entered Level 2 of the Orcish Mines
 16144 | Orc:2    | Found a staircase to the Elven Halls.
 16640 | Orc:2    | Slain by a sixfirhy

Illustrated notes

Levels and vault maps discovered:
D:1:      co_arrival_random_square_maze, layout_basic, minmay_pentomino_o4
D:2:      layout_loops_ring, serial_bayou, serial_bayou_pond_a,
          serial_bayou_shore_b, serial_bayou_shore_a, serial_bayou_lake_a,
          uniq_natasha, uniq_crazy_yiuf_cottage
D:3:      layout_basic
D:4:      layout_loops_corners, trog_three_pillars_becter,
          minmay_temple_entry_junction, biasface_ghost_orc_armoury,
          minmay_mini_ossuary
D:5:      layout_loops_ring, chequers_serial_rivers_small_3,
          nicolae_shop_i_like_big_books, minmay_starry_boxes
D:6:      layout_loops_ring, nicolae_underground_beach
D:7:      layout_rooms, minmay_quadrilaterals
D:8:      layout_loops_cross, nicolae_overflow_hallway_of_the_gods,
          gammafunk_temple_overflow_claw, due_lair_maze_entry_diamond,
          minmay_shop_grid_forest, disabler_island
D:9:      layout_cave_pools, kennysheep_okawaru_gauntlet,
          mainiacjoe_overflow_alcove_1, mainiacjoe_overflow_cross_hatched,
          slow_altar_1, kb_lookout_dungeons_type, dk_rats_in_the_wall
D:10:     minmay_four_partial_circles, layout_basic, enter_trove_6,
          serial_shops, nicolae_square_shop, nicolae_lakefront_shop,
          nicolae_shop_overgrown_old_shop, kennysheep_mini_moat,
          grunt_ministairs_2, hangedman_decor_slide_cut
D:11:     layout_roguey, orc_0_dummy, gammafunk_ghost_spectres,
          gauntlet_entry_generic
Lair:1:   layout_roguey, grunt_megastairs_5, uniq_grum, uniq_amaemon
Lair:2:   layout_small_grid
Lair:3:   layout_roguey, minmay_swamp_entry_worms, spider_nest_entry_web_field,
          gammafunk_ghost_icy, lemuel_fruit_tree
Lair:4:   layout_long_grid, dpeg_slime_entry_corner, lemuel_fruit_fields
Lair:5:   evil_forest, layout_loops_ring, uniq_urug, uniq_kirke
Orc:1:    layout_caves, basic_altar, uniq_josephine
Orc:2:    st_orc_pillars, layout_diamond_mine, basic_altar, minmay_orc_keep

Skill      XL: |  1  2  3  4  5  6  7  8  9 10 11 12 13 14 |
---------------+-------------------------------------------+-----
Axes           | 4 5 6 7 9 10 12 14 15 16 | 16.3
Fighting       | 4 5 6 8 9 10 11 12 | 12.8
Stealth        | 2 3 4 5 |  5.9
Ranged Weapons | 1 2 3 5 7 9 10 12 13 14 15 | 15.3
Dodging        | 4 5 7 |  7.8
Polearms       | 1 |  1.4
Evocations     | 2 4 5 6 7 8 |  8.2
Throwing       | 3 4 5 |  5.5

Action                   |  1- 3 |  4- 6 |  7- 9 | 10-12 | 13-15 || total
-------------------------+-------+-------+-------+-------+-------++-------
Melee: Short sword       |    75 |    30 |       |       |       ||   105
       Headbutt          |    12 |    21 |    36 |    55 |    55 ||   179
       Hand axe          |     1 |     2 |       |       |       ||     3
       Trident           |       |   126 |     3 |       |       ||   129
       War axe           |       |       |   176 |   263 |   270 ||   709
       Punch             |       |       |     4 |     4 |     6 ||    14
 Fire: Sling             |     7 |    23 |    21 |       |       ||    51
       Arbalest          |       |       |     9 |   153 |   263 ||   425
Throw: Stone             |       |       |       |     1 |       ||     1
       Boomerang         |       |       |       |    13 |     2 ||    15
Invok: Berserk           |       |     5 |     4 |    10 |     6 ||    25
       Trog's Hand       |       |     1 |     4 |    16 |    15 ||    36
Evoke: Wand              |       |       |       |     9 |     5 ||    14
       Lightning rod     |       |       |       |     2 |       ||     2
  Use: Scroll            |     2 |     5 |    14 |    12 |     7 ||    40
       Potion            |       |       |       |     7 |     3 ||    10
 Stab: Sleeping          |     2 |     5 |       |       |     1 ||     8
       Paralysed         |       |       |       |     4 |     6 ||    10
       Invisible         |       |       |       |     1 |       ||     1
       Distracted        |       |       |       |       |     1 ||     1
Armor: Robe              |    10 |    12 |       |       |       ||    22
       Scale mail        |       |    23 |   100 |   146 |   102 ||   371
       Shadow dragon sca |       |       |       |    10 |    30 ||    40
Dodge: Dodged            |    40 |    88 |    95 |   133 |   195 ||   551

Table legend: (Time is in decaauts)
 A = Elapsed time spent in this place.
 B = Non-inter-level travel time spent in this place.
 C = Inter-level travel time spent in this place.
 D = Time resting spent in this place.
 E = Time spent auto-exploring this place.
 F = Levels seen in this place.
 G = Mean time per level.
                   A        B        C        D        E       F      G
               +--------+--------+--------+--------+--------+-----+--------+
         Total |  16936 |  15925 |   1011 |   2724 |   9037 |  20 |  846.8 |
       Dungeon |  10207 |   9428 |    779 |   1598 |   5669 |  11 |  927.9 |
          Lair |   4692 |   4461 |    231 |    285 |   3130 |   5 |  938.4 |
  Orcish Mines |   1613 |   1613 |      0 |    629 |    237 |   2 |  806.5 |
         Abyss |    128 |    128 |      0 |     30 |      0 |   1 |  128.0 |
      Gauntlet |    294 |    294 |      0 |    180 |      0 |   1 |  294.0 |
               +--------+--------+--------+--------+--------+-----+--------+

Top non-repeatable levels by time:
    D:10: 1812 daAuts
     D:4: 1448 daAuts
     D:8: 1374 daAuts
  Lair:5: 1335 daAuts
   Orc:2: 1298 daAuts
     D:2: 1059 daAuts
  Lair:1: 907 daAuts
  Lair:3: 876 daAuts
  Lair:2: 819 daAuts
     D:5: 815 daAuts
     D:3: 771 daAuts
     D:1: 763 daAuts
  Lair:4: 754 daAuts
     D:6: 735 daAuts
     D:9: 641 daAuts
